AoeStats
← SeemsFishy

QS Arena

503419196Analyzed
4v4 RM · 1mo ago on Aug 31, 2026· 63m 26s· 8 players
Game mode
Random Map
Map size
Large (8 player)
Population
200
Speed
Normal
Resources
Standard
Victory
Conquest
Starting age
Dark Age
Ending age
Imperial Age
RankedLock teamsTeams togetherTeam positionsShared explorationLock speedFull tech treeHidden civsTurbo modeCheats
Victory
Defeat
🇰🇷 Britons · South Korea
1445
+13
🇰🇷 Italians · South Korea
1376
+16
🇰🇷 Koreans · South Korea
1360
+17
🇰🇷 Celts · South Korea
1327
+18
🇻🇳 Byzantines · Vietnam
1393
-17
🇬🇧 Chinese · United Kingdom
1385
-16
🇵🇪 Malay · Peru
1363
-15
🇮🇹 Burmese · Italy
1352
-15
Nogard
7:22 Feudal Age
11:43 Castle Age
10:19 Horse Collar
13:45 Loom
17:01 Wheelbarrow
17:18 Heavy Plow
18:26 Gold Mining
20:00 Hand Cart
20:49 Gold Shaft Mining
20:12 Stone Mining
23:45 Town Watch
26:35 Imperial Age
24:14 Scale Barding Armor
24:20 Forging
24:50 Bloodlines
24:41 Husbandry
25:36 Chain Barding Armor
26:31 Iron Casting
27:26 Elite Battle Elephant
29:23 Blast Furnace
29:19 Howdah
30:08 Manipur Cavalry
30:54 Plate Barding Armor
30:53 Conscription
36:14 Siege Engineers
36:30 Ballistics
37:15 Chemistry
36:12 Fletching
36:15 Light Cavalry
37:34 Hussar
39:19 Scale Mail Armor
40:15 Chain Mail Armor
39:25 Pikeman
40:05 Squires
39:50 Arson
39:51 Treadmill Crane
40:18 Halberdier
41:29 Plate Mail Armor
41:32 Gambesons
42:04 Capped Ram
42:08 Man-at-Arms
42:20 Capped Ram
42:56 Long Swordsman
43:31 Two-Handed Swordsman
44:08 Champion
SeemsFishy
0:33 Loom
7:57 Feudal Age
12:08 Castle Age
10:55 Fletching
11:59 Double-Bit Axe
14:08 Bow Saw
16:58 Bodkin Arrow
17:10 Horse Collar
19:10 Gold Mining
20:43 Wheelbarrow
22:20 Gold Shaft Mining
22:08 Heavy Plow
26:38 Imperial Age
24:49 Stone Mining
25:07 Padded Archer Armor
27:26 Bracer
30:33 Chemistry
30:00 Leather Archer Armor
30:08 Crossbowman
30:55 Thumb Ring
33:33 Stone Shaft Mining
32:57 Arbalester
35:01 Ballistics
36:34 Two-Man Saw
36:44 Hand Cart
37:21 Ring Archer Armor
48:24 Elite Skirmisher
59:37 Conscription
lequochuypy96
8:38 Feudal Age
9:36 Double-Bit Axe
12:46 Castle Age
11:05 Gold Mining
11:16 Horse Collar
12:40 Wheelbarrow
13:50 Bow Saw
13:46 Heavy Plow
17:16 Hand Cart
21:56 Gold Shaft Mining
24:41 Husbandry
27:29 Imperial Age
24:46 Loom
25:11 Scale Barding Armor
25:16 Forging
25:04 Light Cavalry
28:21 Chain Barding Armor
28:01 Cavalier
29:24 Iron Casting
29:26 Crop Rotation
30:02 Two-Man Saw
28:55 Stone Mining
30:51 Plate Barding Armor
32:15 Chemistry
30:56 Pikeman
31:36 Squires
31:43 Scale Mail Armor
31:34 Fletching
31:35 Hussar
32:17 Arrowslits
32:57 Halberdier
33:23 Arson
34:46 Chain Mail Armor
34:56 Bombard Tower
34:18 Treadmill Crane
36:16 Plate Mail Armor
35:42 Bodkin Arrow
36:38 Stone Shaft Mining
38:30 Ballistics
38:06 Man-at-Arms
38:31 Gambesons
41:15 Long Swordsman
41:57 Bracer
41:54 Murder Holes
42:10 Two-Handed Swordsman
45:33 Champion
Dr. Kenzo Tenma
9:37 Feudal Age
10:56 Double-Bit Axe
13:20 Castle Age
11:53 Horse Collar
16:05 Loom
19:32 Forging
22:18 Iron Casting
23:40 Squires
23:25 Arson
29:25 Crossbowman
30:19 Gold Mining
30:20 Stone Mining
31:48 Fletching
37:40 Imperial Age
35:58 Ballistics
36:18 Wheelbarrow
35:29 Town Watch
36:37 Padded Archer Armor
37:08 Bodkin Arrow
39:02 Chemistry
38:58 Bracer
40:22 Leather Archer Armor
41:13 Arbalester
44:52 Thumb Ring
45:18 Ring Archer Armor
45:51 Capped Ram
47:38 Blast Furnace
48:31 Man-at-Arms
50:47 Heavy Plow
51:17 Conscription
50:58 Long Swordsman
52:09 Two-Handed Swordsman
55:23 Crop Rotation
BaniWang
1:44 Loom
9:20 Feudal Age
9:42 Horse Collar
9:53 Double-Bit Axe
14:40 Castle Age
12:59 Gold Mining
15:32 Bow Saw
15:22 Heavy Plow
22:43 Man-at-Arms
23:08 Gambesons
23:46 Forging
23:37 Scale Mail Armor
23:46 Long Swordsman
24:24 Stone Mining
24:13 Pikeman
26:03 Gold Shaft Mining
26:05 Chain Mail Armor
26:53 Iron Casting
34:36 Imperial Age
33:00 Fortified Wall
32:31 Treadmill Crane
33:36 Wheelbarrow
32:46 Town Watch
34:43 Halberdier
35:51 Two-Handed Swordsman
37:57 Plate Mail Armor
37:49 Hand Cart
37:33 Capped Ram
39:18 Blast Furnace
39:21 Conscription
38:25 Champion
39:52 Stone Shaft Mining
39:59 Siege Engineers
40:36 Caravan
40:00 Siege Ram
43:08 Coinage
42:45 Stronghold
43:43 Fletching
44:55 Chemistry
44:16 Ballistics
44:32 Furor Celtica
44:58 Bodkin Arrow
45:04 Padded Archer Armor
46:59 Hoardings
46:50 Murder Holes
47:05 Masonry
46:34 Onager
46:59 Heavy Scorpion
48:56 Arson
51:00 Leather Archer Armor
51:50 Siege Onager
59:27 Banking
59:07 Guilds
남조선사람
7:57 Feudal Age
11:48 Castle Age
9:55 Double-Bit Axe
10:08 Horse Collar
14:12 Fletching
16:18 Loom
18:38 Bodkin Arrow
25:03 Imperial Age
23:54 Padded Archer Armor
25:55 Ballistics
25:59 Bracer
27:34 Wheelbarrow
27:59 Ballistics
30:28 Elite Longbowman
31:56 Hand Cart
32:45 Leather Archer Armor
32:04 Pikeman
32:44 Squires
34:02 Forging
34:22 Halberdier
35:48 Scale Mail Armor
37:19 Ring Archer Armor
37:20 Caravan
38:39 Iron Casting
38:20 Chain Mail Armor
38:55 Bow Saw
40:25 Blast Furnace
39:47 Conscription
38:57 Capped Ram
39:34 Stone Mining
39:34 Gold Mining
40:51 Plate Mail Armor
41:02 Heavy Plow
41:51 Warwolf
42:13 Guilds
43:30 Two-Man Saw
42:54 Town Watch
43:40 Siege Engineers
44:36 Chemistry
44:35 Coinage
43:43 Man-at-Arms
44:09 Gambesons
44:09 Arson
45:55 Yeomen
45:08 Long Swordsman
47:13 Hoardings
46:35 Murder Holes
46:50 Masonry
46:11 Two-Handed Swordsman
48:11 Banking
51:51 Architecture
51:10 Champion
54:00 Gold Shaft Mining
53:58 Elite Skirmisher
PLEASE, PLEASE, PLEASE
9:57 Feudal Age
13:53 Castle Age
11:46 Double-Bit Axe
11:53 Gold Mining
13:21 Horse Collar
14:40 Wheelbarrow
17:03 Bow Saw
20:23 Stone Mining
22:17 Gold Shaft Mining
24:15 Stone Shaft Mining
27:36 Imperial Age
25:06 Loom
25:42 Hand Cart
26:44 Ballistics
26:06 Treadmill Crane
26:26 Fletching
26:37 Scale Mail Armor
26:00 Pikeman
26:25 Gambesons
26:44 Squires
27:58 Heavy Plow
27:45 Halberdier
28:10 Arson
28:45 Chain Mail Armor
28:41 Forging
28:28 Bodkin Arrow
30:17 Two-Man Saw
30:01 Conscription
32:16 Plate Mail Armor
32:51 Iron Casting
32:17 Bracer
36:04 Eupseong
36:42 Arrowslits
37:58 Chemistry
42:30 Masonry
42:16 Murder Holes
43:29 Man-at-Arms
47:26 Coinage
46:45 Long Swordsman
47:17 Two-Handed Swordsman
48:53 Fortified Wall
50:09 Architecture
49:44 Siege Engineers
50:07 Crossbowman
50:52 Thumb Ring
50:34 Arbalester
Goembal
0:27 Loom
7:51 Feudal Age
8:28 Double-Bit Axe
13:15 Castle Age
11:27 Horse Collar
14:31 Bow Saw
20:12 Gold Mining
21:08 Fletching
23:05 Bodkin Arrow
24:42 Ballistics
30:17 Fortified Wall
34:36 Imperial Age
32:47 Stone Mining
33:36 Wheelbarrow
32:46 Town Watch
33:14 Treadmill Crane
34:01 Padded Archer Armor
34:22 Masonry
34:43 Heavy Plow
35:51 Stone Shaft Mining
34:53 Man-at-Arms
35:33 Squires
35:18 Arson
35:39 Scale Mail Armor
35:50 Forging
36:51 Two-Man Saw
35:42 Long Swordsman
36:34 Two-Handed Swordsman
39:02 Chain Mail Armor
39:28 Iron Casting
39:52 Crop Rotation
40:27 Hand Cart
41:05 Plate Mail Armor
41:48 Blast Furnace
41:05 Pikeman
46:19 Champion
48:55 Chemistry
49:32 Bracer
49:48 Leather Archer Armor
50:06 Architecture
50:25 Scale Barding Armor
50:23 Caravan
50:54 Coinage
50:34 Guilds
52:26 Chain Barding Armor
52:08 Husbandry
52:18 Bloodlines
51:28 Light Cavalry
55:27 Banking
54:57 Light Cavalry
56:13 Plate Barding Armor
56:12 Ring Archer Armor
62:56 Silk Road
Connection lost

Rejoining the realm…

Still unreachable

The connection could not be restored.

Session expired

The server has moved on; the page needs a fresh start.